AoeStats
← VS

Hideout

510267176Analyzed
1v1 RM · 1d ago on Sep 30, 2026· 63m 33s· 2 players
Game mode
Random Map
Map size
Tiny (2 player)
Population
200
Speed
Normal
Resources
Standard
Victory
Conquest
Starting age
Dark Age
Ending age
Imperial Age
RankedLock teamsTeams togetherTeam positionsShared explorationLock speedFull tech treeHidden civsTurbo modeCheats
Victory
Defeat
🇹🇼 Byzantines · Taiwan
919
+16
🇬🇪 Franks · Georgia
915
-16
VS
2:38 Loom
10:46 Feudal Age
12:03 Wheelbarrow
16:59 Castle Age
20:48 Double-Bit Axe
24:19 Gold Mining
26:57 Hand Cart
33:39 Imperial Age
31:52 Bow Saw
32:08 Forging
32:31 Gambesons
32:07 Man-at-Arms
34:35 Scale Mail Armor
35:10 Iron Casting
33:59 Long Swordsman
35:48 Chain Mail Armor
35:31 Two-Handed Swordsman
36:57 Squires
36:17 Pikeman
37:43 Halberdier
39:50 Gold Shaft Mining
43:06 Champion
53:38 Plate Mail Armor
57:09 Ballistics
57:49 Chemistry
61:14 Fletching
61:25 Padded Archer Armor
62:26 Blast Furnace
62:04 Heavy Scorpion
tuv25
5:34 Loom
9:25 Feudal Age
10:20 Double-Bit Axe
11:45 Horse Collar
19:12 Castle Age
18:08 Forging
17:58 Scale Mail Armor
18:50 Arson
19:08 Scale Mail Armor
19:09 Stone Mining
20:10 Bow Saw
19:34 Pikeman
21:16 Gold Mining
23:12 Iron Casting
21:59 Elite Skirmisher
27:56 Squires
31:47 Wheelbarrow
37:31 Imperial Age
35:18 Hand Cart
37:09 Thumb Ring
36:25 Crossbowman
38:37 Conscription
38:09 Fletching
38:17 Murder Holes
38:43 Ballistics
38:04 Treadmill Crane
38:58 Husbandry
39:00 Bodkin Arrow
39:55 Chain Mail Armor
39:40 Padded Archer Armor
44:04 Two-Man Saw
43:05 Heavy Plow
43:12 Scale Barding Armor
47:33 Halberdier
48:47 Plate Mail Armor
48:26 Bracer
49:47 Capped Ram
51:08 Arbalester
52:56 Light Cavalry
53:27 Siege Ram
62:50 Arrowslits
62:57 Guard Tower
63:28 Leather Archer Armor
63:33 Chain Barding Armor
Connection lost

Rejoining the realm…

Still unreachable

The connection could not be restored.

Session expired

The server has moved on; the page needs a fresh start.